Warning! The script has encountered some errors when parsing the replay. Please report them to the . » details
0x00, prev: 0x16: 16 02 06 00 88 44 00 00 0D 79 00 00 69 28 00 00 27 54 05 00 36 41 00 00 81 83 05 00 88 4F 00 00 4E 18 05 00 69 56 00 00 4E D9 03 00 06 58 00 00 01 42 05 00 [00] 00 00 00 00 00 00 00 00 00 00 00 00 00 00 00 00 00 00 00 00 00 00 00 00 00 04 6E 00 16 02 02 00 4F 52 00 00 71 A3 03 00 CD 52 00 00 7F 4E 03 00 16 01 09 00 17 58 00 00 80 54 05 00 63 4E 00 00 1C 8E 00 00 1B 0C 00 00 87 22 02 00 48 44 00 00 96 E8 03 00 FE 45 00 00 23 2D 03 00 46 49 00 00 57 7C 00 00 EF 4D 00 00 DD 4B 03 00 E3 50 00 00 76 F0 02 00 4E 57 00 00 2D 46 04 00 1A 19 61 65 64 55 63 4E 00 00 1C 8E 00 00
0x00, prev: 0x00: 16 02 06 00 88 44 00 00 0D 79 00 00 69 28 00 00 27 54 05 00 36 41 00 00 81 83 05 00 88 4F 00 00 4E 18 05 00 69 56 00 00 4E D9 03 00 06 58 00 00 01 42 05 00 00 00 00 00 00 00 00 00 00 00 00 00 00 00 00 00 00 00 00 00 00 00 00 00 [00] 00 04 6E 00 16 02 02 00 4F 52 00 00 71 A3 03 00 CD 52 00 00 7F 4E 03 00 16 01 09 00 17 58 00 00 80 54 05 00 63 4E 00 00 1C 8E 00 00 1B 0C 00 00 87 22 02 00 48 44 00 00 96 E8 03 00 FE 45 00 00 23 2D 03 00 46 49 00 00 57 7C 00 00 EF 4D 00 00 DD 4B 03 00 E3 50 00 00 76 F0 02 00 4E 57 00 00 2D 46 04 00 1A 19 61 65 64 55 63 4E 00 00 1C 8E 00 00
0x00, prev: 0x01: 16 02 0B 00 74 4E 00 00 A9 7F 00 00 F5 45 00 00 47 49 03 00 C5 40 00 00 C6 90 02 00 54 28 00 00 03 AE 00 00 3A 40 00 00 89 4B 01 00 CF 41 00 00 08 77 00 00 6F 4D 00 00 FA 0B 03 00 BE 4E 00 00 6C 12 02 00 D3 4F 00 00 6A CF 00 00 DB 4F 00 00 F1 45 02 00 F2 51 00 00 AB A8 01 00 00 00 00 00 00 00 00 00 00 00 00 00 00 00 00 00 00 00 00 00 00 00 00 00 01 [00]
General information
- name: BNet
- type: Ladder team game (AT/RT)
- host: Battle.net
- saver: JEWISHPanCaKe
map: Avalanche
- players: 4
- length: 16:35
- speed: Fast
- version: 1.23 W3XP
- replay type: Public
» download(100 KB)
Players
team 1 (winner)
JEWISHPanCaKe (
green | 118 APM | 1219 actions | 10:21)
2 Priestess of the Moon
1 Searing Arrows
1 Trueshot Aura
» actions
| Assign group hotkey | 25 | |
| Basic commands | 14 | |
| Build / train | 33 | |
| Enter build submenu | 8 | |
| Enter hero's abilities submenu | 2 | |
| Right click | 919 | |
| Select / deselect | 156 | |
| Select group hotkey | 40 | |
| Use ability | 22 | |
1219 total
» units
» buildings
| Altar of Elders | 1 | |
| Moon Well | 4 | |
| Hunter's Hall | 1 | |
| Ancient of War | 2 | |
8 total
» build order
00:09 Altar of Elders
00:17 Moon Well
01:36 Hunter's Hall
01:43 Ancient of War
02:02 Ancient of War
02:19 Moon Well
02:33 Moon Well
05:43 Moon Well
» items
TIME4OLDSKOOL (
red | 150 APM | 1549 actions | 10:21)
5 Death Knight
3 Death Coil
2 Unholy Aura
2 Lich
1 Frost Nova
1 Frost Armor
1 Dark Ranger
1 Silence
» actions
| Assign group hotkey | 74 | |
| Basic commands | 74 | |
| Build / train | 55 | |
| ESC pressed | 2 | |
| Enter build submenu | 14 | |
| Enter hero's abilities submenu | 9 | |
| Right click | 752 | |
| Select / deselect | 193 | |
| Select group hotkey | 316 | |
| Use ability | 60 | |
1549 total
» units
| Acolyte | 2 | |
| Ghoul | 1 | |
| Crypt Fiend | 16 | |
| Frost Wyrm | 5 | |
24 total
» upgrades
| Creature Attack | 2 | |
| Burrow | 1 | |
| Creature Carapace | 1 | |
| Web | 1 | |
5 total
» buildings
| Graveyard | 1 | |
| Crypt | 1 | |
| Altar of Darkness | 1 | |
| Ziggurat | 8 | |
| Tomb of Relics | 1 | |
| Halls of the Dead | 1 | |
| Black Citadel | 1 | |
| Sacrificial Pit | 1 | |
| Boneyard | 2 | |
17 total
» build order
00:05 Graveyard
00:07 Crypt
00:23 Altar of Darkness
00:37 Ziggurat
01:10 Tomb of Relics
01:46 Ziggurat
03:09 Ziggurat
03:12 Ziggurat
05:01 Halls of the Dead
07:26 Black Citadel
07:37 Ziggurat
09:28 Sacrificial Pit
10:21 Ziggurat
» items
| Rod of Necromancy | 2 | |
| Scroll of Town Portal | 3 | |
| Orb of Corruption | 1 | |
| Potion of Healing | 1 | |
7 total
team 2 (loser)

»
FK. (
yellow | 141 APM | 1463 actions | 10:21)
3 Blademaster
2 Wind Walk
1 Critical Strike
2 Tauren Chieftain
1 Shockwave
1 Endurance Aura
» actions
| Assign group hotkey | 7 | |
| Basic commands | 92 | |
| Build / train | 55 | |
| ESC pressed | 1 | |
| Enter build submenu | 13 | |
| Enter hero's abilities submenu | 6 | |
| Right click | 598 | |
| Select / deselect | 350 | |
| Select group hotkey | 222 | |
| Use ability | 119 | |
1463 total
» units
| Peon | 7 | |
| Grunt | 15 | |
| Raider | 7 | |
| Kodo Beast | 1 | |
| Troll Batrider | 3 | |
33 total
» upgrades
| Backpack | 1 | |
| Ensnare | 1 | |
| Berserker Strength | 1 | |
| Armor | 1 | |
4 total
» buildings
| Altar of Storms | 1 | |
| Orc Burrow | 5 | |
| Barracks | 1 | |
| Voodoo Lounge | 2 | |
| Stronghold | 1 | |
| Beastiary | 3 | |
| War Mill | 1 | |
14 total
» build order
00:11 Altar of Storms
00:23 Orc Burrow
00:40 Barracks
01:31 Orc Burrow
02:02 Voodoo Lounge
03:05 Stronghold
04:19 Orc Burrow
05:37 Beastiary
06:33 War Mill
07:21 Orc Burrow
10:21 Beastiary
» items
| Dust of Appearance | 1 | |
| Healing Salve | 2 | |
| Lesser Clarity Potion | 2 | |
| Scroll of Speed | 1 | |
| Potion of Mana | 1 | |
| Potion of Healing | 1 | |
8 total

»
KiMber (
blue | 204 APM | 2109 actions | 10:21)
4 Death Knight
2 Death Coil
2 Unholy Aura
2 Lich
1 Frost Nova
1 Dark Ritual
1 Crypt Lord
1 Impale
» actions
| Assign group hotkey | 51 | |
| Build / train | 45 | |
| Enter build submenu | 10 | |
| Enter hero's abilities submenu | 7 | |
| Give item / drop item | 3 | |
| Right click | 940 | |
| Select / deselect | 301 | |
| Select group hotkey | 693 | |
| Use ability | 59 | |
2109 total
» units
| Acolyte | 2 | |
| Ghoul | 2 | |
| Crypt Fiend | 14 | |
| Obsidian Statue | 2 | |
20 total
» upgrades
| Burrow | 1 | |
| Creature Attack | 2 | |
| Web | 1 | |
| Creature Carapace | 1 | |
5 total
» buildings
| Graveyard | 1 | |
| Crypt | 1 | |
| Altar of Darkness | 1 | |
| Ziggurat | 5 | |
| Tomb of Relics | 1 | |
| Halls of the Dead | 1 | |
| Slaughterhouse | 1 | |
| Black Citadel | 1 | |
12 total
» build order
00:05 Graveyard
00:07 Crypt
00:42 Altar of Darkness
00:56 Ziggurat
01:22 Tomb of Relics
01:59 Ziggurat
03:27 Ziggurat
04:12 Halls of the Dead
05:14 Ziggurat
06:58 Slaughterhouse
10:04 Black Citadel
10:21 Ziggurat
» items
| Rod of Necromancy | 2 | |
| Potion of Healing | 2 | |
| Scroll of Town Portal | 3 | |
| Orb of Corruption | 1 | |
8 total
Chat log
(00:01 / Allies) JEWISHPanCaKe: we lose
(00:11 / All) FK.: glgl
(00:12 / Allies) TIME4OLDSKOOL: u should come with
(00:15 / Allies) TIME4OLDSKOOL: on sat
(00:23 / Allies) JEWISHPanCaKe: FK. is nerd
(00:28 / Allies) TIME4OLDSKOOL: so am i
(00:34 / Allies) JEWISHPanCaKe: he plays with OC
(00:41 / Allies) TIME4OLDSKOOL: just stfu
(00:42 / Allies) TIME4OLDSKOOL: lets win
(00:48 / Allies) TIME4OLDSKOOL: yo
(00:51 / Allies) TIME4OLDSKOOL: so
(00:56 / Allies) TIME4OLDSKOOL: farshad is so dumb
(00:58 / Allies) TIME4OLDSKOOL: he takes grass
(01:00 / Allies) TIME4OLDSKOOL: and laces it
(01:03 / Allies) TIME4OLDSKOOL: and sells it off
(01:06 / Allies) TIME4OLDSKOOL: to some retards
(01:17 / Allies) TIME4OLDSKOOL: wont u find out?
(01:21 / Allies) JEWISHPanCaKe: yeds
(01:23 / Allies) TIME4OLDSKOOL: that ur smoking grass
(01:26 / Allies) TIME4OLDSKOOL: i told him that
(01:27 / Allies) TIME4OLDSKOOL: hes like
(01:34 / Allies) TIME4OLDSKOOL: "na yo maybe next year"
(01:46 / Allies) JEWISHPanCaKe: o_O
(01:47 / Allies) JEWISHPanCaKe: O_o
(03:20 / Allies) TIME4OLDSKOOL: lol @ blue
(03:40 / Allies) JEWISHPanCaKe: wow
(03:46 / Allies) JEWISHPanCaKe: ii get dust
(04:10 / Allies) TIME4OLDSKOOL: get
(04:11 / Allies) TIME4OLDSKOOL: blue
(04:11 / Allies) TIME4OLDSKOOL: wt
(04:14 / Allies) TIME4OLDSKOOL: u wasting time
(04:15 / Allies) TIME4OLDSKOOL: for
(04:17 / Allies) TIME4OLDSKOOL: a fucking lvl 1
(04:18 / Allies) TIME4OLDSKOOL: bm
(04:38 / Allies) JEWISHPanCaKe: yellow there too tho
(04:45 / Allies) TIME4OLDSKOOL: he wasnt
(04:47 / Allies) TIME4OLDSKOOL: GO fucking
(04:47 / Allies) JEWISHPanCaKe: jkack them
(04:48 / Allies) TIME4OLDSKOOL: harass
(04:50 / Allies) JEWISHPanCaKe: his grunt were!
(04:51 / Allies) TIME4OLDSKOOL: ur ureless
(04:55 / Allies) JEWISHPanCaKe: stfu
(05:03 / Allies) JEWISHPanCaKe: k i go with dead potm ^^
(05:09 / Allies) JEWISHPanCaKe: i got this
(05:13 / Allies) TIME4OLDSKOOL: useless
(05:14 / Allies) TIME4OLDSKOOL: go watch soem reaplys
(05:16 / Allies) TIME4OLDSKOOL: of max
(05:19 / Allies) JEWISHPanCaKe: i got this
(05:26 / Allies) TIME4OLDSKOOL: w/e im just gonna dipp
(05:27 / Allies) TIME4OLDSKOOL: if u die
(05:37 / Allies) JEWISHPanCaKe: RAPED
(06:21 / Allies) JEWISHPanCaKe: fukin coat
(06:48 / Allies) TIME4OLDSKOOL: where
(06:48 / Allies) TIME4OLDSKOOL: are u
(06:50 / Allies) TIME4OLDSKOOL: and waht ar eu doing
(06:53 / Allies) JEWISHPanCaKe: healing
(06:54 / Allies) JEWISHPanCaKe: !
(06:54 / Allies) TIME4OLDSKOOL: dude
(06:54 / Allies) JEWISHPanCaKe: !
(06:57 / Allies) TIME4OLDSKOOL: useless
(06:58 / Allies) TIME4OLDSKOOL: .
(07:00 / Allies) JEWISHPanCaKe: EVERY GODDAM HUNT DEAD
(07:03 / Allies) JEWISHPanCaKe: STFU NAB
(07:04 / Allies) TIME4OLDSKOOL: go do something
(07:07 / Allies) TIME4OLDSKOOL: manu
(07:11 / Allies) TIME4OLDSKOOL: could harass
(07:11 / Allies) JEWISHPanCaKe: k i will lose all hutns
(07:12 / Allies) TIME4OLDSKOOL: better
(07:12 / Allies) JEWISHPanCaKe: STFU
(07:13 / Allies) TIME4OLDSKOOL: jesus
(07:16 / Allies) TIME4OLDSKOOL: does max
(07:17 / Allies) TIME4OLDSKOOL: lose hunts
(07:24 / Allies) JEWISHPanCaKe: NO CUZ HE HEALS THEM STFU
(07:31 / Allies) TIME4OLDSKOOL: i never seen him
(07:32 / Allies) TIME4OLDSKOOL: leroy
(07:32 / Allies) TIME4OLDSKOOL: back
(07:35 / Allies) JEWISHPanCaKe: thats nice
(08:11 / Allies) TIME4OLDSKOOL: orc
(08:12 / Allies) TIME4OLDSKOOL: do ur job
(08:29 / Allies) JEWISHPanCaKe: bb fiends
(08:29 / Allies) JEWISHPanCaKe: xD
(08:40 / Allies) JEWISHPanCaKe: bb lich
(08:48 / Allies) JEWISHPanCaKe: lich
(09:17 / Allies) TIME4OLDSKOOL: fuck it
(10:04 / Allies) TIME4OLDSKOOL: hmm
(10:06 / Allies) TIME4OLDSKOOL: need a good
(10:06 / Allies) JEWISHPanCaKe: bleu so weak
(10:06 / Allies) TIME4OLDSKOOL: 3rd
(10:21 / All) FK.: yep